 Dungeon Crawl Stone Soup version 0.27-a0-1280-g9d2d252d84 (webtiles) character file.

Game seed: 11655300885086394586

28 27snakeeyes612 the Shield-Bearer (level 3, -2/20 HPs)
             Began as a Vine Stalker Fighter on June 13, 2021.
             Slain by a gnoll (10 damage)
             ... on level 2 of the Dungeon.
             The game lasted 00:01:29 (955 turns).

27snakeeyes612 the Shield-Bearer (VSFi)              Turns: 955, Time: 00:01:30

Health: -2/20      AC:  6    Str: 25    XL:     3   Next: 12%
Magic:  0/4        EV:  7    Int:  8    God:
Gold:   48         SH: 10    Dex: 13    Spells: 2/2 levels left

rFire    . . .     SeeInvis .   a - +0 war axe
rCold    . . .     Faith    .   c - +0 kite shield
rNeg     . . .     Spirit   +   b - +0 scale mail
rPois    .         Reflect  .   h - +0 hat
rElec    .         Harm     .   (no cloak)
rCorr    .         Rampage  .   (no gloves)
Will     .....                  (no boots)
Stlth    ..........             (no amulet)
HPRegen  0.06/turn              e - +6 ring of strength
MPRegen  0.09/turn              (no ring)

@: mighty
A: fangs 2, magic shield, antimagic bite, no potion heal 2
a: no special abilities


You were on level 2 of the Dungeon.
You visited 1 branch of the dungeon, and saw 2 of its levels.

You collected 48 gold pieces.

Inventory:

Hand Weapons
 a - a +0 war axe (weapon)
Armour
 b - a +0 scale mail (worn)
 c - a +0 kite shield (worn)
 h - a +0 hat (worn)
Jewellery
 e - a +6 ring of strength (left hand)
 i - an amulet of guardian spirit
Scrolls
 f - a scroll of enchant weapon {unknown}
 j - a scroll of noise {unknown}
 l - a scroll of teleportation {unknown}
 m - a scroll of summoning {unknown}
Potions
 g - a potion of resistance {unknown}
 k - a potion of heal wounds {unknown}


   Skills:
 + Level 3.0 Fighting
 + Level 2.0 Axes
 + Level 2.6 Armour
 + Level 3.1 Shields


You had 2 spell levels left.
You didn't know any spells.
Your spell library contained the following spells:

 Spells                   Type           Power      Damage    Failure   Level
 Beastly Appendage        Tmut           0%         N/A       99%         1
 Wereblood                Tmut           0%         N/A       100%        2
 Spider Form              Tmut/Pois      0%         N/A       100%        3
 Ice Form                 Ice/Tmut       0%         N/A       100%        4


Dungeon Overview and Level Annotations

Branches:
Dungeon (2/15)

Altars:

Shops:
D:2 [

Annotations:
D:2 Terence


Innate Abilities, Weirdness & Mutations

You have extremely sharp teeth.
When hurt, damage is shared between your health and your magic reserves.
Your bite disrupts and absorbs the magic of your enemies.
Potions cannot restore your health.


Message History

You kill the quokka!
No target in view!
No target in view!
No target in view!
No target in view!
No target in view!
No target in view!
No target in view!
No target in view!
No target in view!
You pick up a book of Changes and begin reading...
You add the spells Beastly Appendage, Wereblood, Spider Form and Ice Form to your library.
You now have 48 gold pieces (gained 14).
Found an escape hatch in the ceiling.
Found 18 stones.
Found a stone staircase leading down.
No target in view!
There is a stone staircase leading down here.
l - a scroll labelled ECVIRA HYOMO
m - a scroll labelled FUSUQA GUIBLE
Found Tobramiss's Armour Shop.
No target in view!
There is an entrance to Tobramiss's Armour Shop here.
A gnoll comes into view. It is wielding a +0 flail.
The gnoll shouts!
You hear a shout!
Terence the Incautious comes into view.
He is wielding a +0 flail.
The gnoll moves out of view.
You hear a shout!
Terence shouts!
Terence is nearby!
Terence is nearby!
You feel very mighty all of a sudden.
You barely miss the gnoll. You bite the gnoll. You drain its power.
The gnoll is lightly wounded.
The gnoll hits you with a +0 flail! The gnoll hits you with a +0 flail.
You barely miss Terence. You hit the gnoll. You block Terence's attack.
A gnoll comes into view. It is wielding a +0 halberd.
You block the gnoll's attack. Terence hits you with a +0 flail.
The gnoll hits you from afar with a +0 halberd!
Ouch! That really hurt!
You die...

###<..# #.##.#
#...#
#.##.#####.#
#####
#...........#
###...###..#
#..........#
.....#.#.####.#
####.#...### #
. #.∩.#.##.# ##
#.....@@.#
#.#####g.# #.
g.... ## .....#
.....# ######


You could see Terence and 2 gnolls.

Vanquished Creatures
  A dart slug (D:1)
  2 ball pythons (D:1)
  3 bats (D:1)
  2 endoplasms (D:1)
  3 giant cockroaches (D:1)
  3 goblins (D:1)
  3 quokkas
  A frilled lizard (D:1)
  3 kobolds (D:1)
  2 rats (D:1)
23 creatures vanquished.

Notes
Turn   | Place    | Note
-------+----------+-------------------------------------------
     0 | D:1      | 27snakeeyes612 the Vine Stalker Fighter began the quest for
                  | the Orb.
     0 | D:1      | Reached XP level 1. HP: 11/11 MP: 2/2
    39 | D:1      | Reached XP level 2. HP: 12/16 MP: 1/3
   556 | D:1      | Reached XP level 3. HP: 19/20 MP: 4/4
   765 | D:2      | Found a faded altar of an unknown god.
   942 | D:2      | Found Tobramiss's Armour Shop.
   951 | D:2      | Noticed Terence
   955 | D:2      | Slain by a gnoll

Illustrated notes

Levels and vault maps discovered:
D:1:      tarquinn_simple_flora_water_e, layout_basic
D:2:      layout_rooms, hellmonk_ecumenical_altar_zigzags, serial_shops,
          nicolae_shop_stone, uniq_terence

Skill      XL: |  1  2 |
---------------+-------+-----
Fighting       | 3 |  3.0
Axes           | 2 |  2.0
Shields        | 3 |  3.1
Armour         | |  2.6

Action                   || total
-------------------------++-------
Melee: War axe           ||    45
       Bite              ||    10
  Use: Potion            ||     1
Armor: Scale mail        ||    20
Dodge: Dodged            ||    13
Block: Kite shield       ||    30

Table legend: (Time is in decaauts)
 A = Elapsed time spent in this place.
 B = Non-inter-level travel time spent in this place.
 C = Inter-level travel time spent in this place.
 D = Time resting spent in this place.
 E = Time spent auto-exploring this place.
 F = Levels seen in this place.
 G = Mean time per level.
                   A        B        C        D        E       F      G
               +--------+--------+--------+--------+--------+-----+--------+
         Total |    983 |    947 |     36 |      0 |    792 |   2 |  491.5 |
       Dungeon |    983 |    947 |     36 |      0 |    792 |   2 |  491.5 |
               +--------+--------+--------+--------+--------+-----+--------+

Top non-repeatable levels by time:
     D:1: 770 daAuts
     D:2: 212 daAuts
